 Dungeon Crawl Stone Soup version 0.31-a0-662-g684573625c (webtiles) character file.

Game seed: 11074699834080673652

767 spiderkeys the Changeling (level 7, -4/48 HPs)
             Began as an Octopode Shapeshifter on Sept 1, 2023.
             Slain by a gnoll sergeant
             ... wielding a +0 spear
              (9 damage)
             ... on level 5 of the Dungeon.
             The game lasted 00:05:46 (4544 turns).

spiderkeys the Changeling (Octopode Shapeshifter)   Turns: 4544, Time: 00:05:47

Health: -4/48      AC:  1    Str: 15    XL:     7   Next: 82%
Magic:  7/7        EV: 15    Int: 15    God:
Gold:   350        SH:  0    Dex: 18    Spells: 6/6 levels left

rFire   + . .        w - +6 short sword of the Chain {freeze, rElec rF+ rCorr Int+3}
rCold   . . .        (no shield)
rNeg    . . .        (helmet currently unavailable)
rPois   .            (no amulet)
rElec   +            D - +6 ring of dexterity
rCorr   +            (no ring)
SInv    .            (no ring)
Will    .....        (no ring)
Stlth   +++          (no ring)
HPRegen 0.28/turn    (no ring)
MPRegen 0.10/turn    (no ring)
                     (no ring)

%: no passive effects
@: beast-form, invisible
A: beast (slay +2), almost no armour, amphibious, 8 rings, camouflage 1,
gelatinous body 1, (nimble swimmer 1), tentacles
a: Begin Untransformation


You were on level 5 of the Dungeon.
You were a hulking beast.
You visited 1 branch of the dungeon, and saw 5 of its levels.

You collected 350 gold pieces.


Innate Abilities, Weirdness & Mutations

You are a hulking beast.
Your limbs bulge with bestial killing power. (Slay +2)
You cannot wear most types of armour.
You are amphibious.
You can wear up to eight rings at the same time.
Your skin changes colour to match your surroundings (Stealth+).
Your rubbery body absorbs attacks. (AC +1, EV +1)
((You are camouflaged when in or above water. (Stealth+)))
You have tentacles for arms and can constrict up to eight enemies at once.


   Skills:
 + Level 4.2 Fighting
 + Level 3.3 Short Blades
 + Level 4.5 Dodging
 - Level 3.5 Unarmed Combat
 + Level 4.9 Shapeshifting


You had 6 spell levels left.
You didn't know any spells.
Your spell library contained the following spells:

 Spells                   Type           Power      Damage    Failure   Level
 Summon Small Mammal      Summ           0%         N/A       26%         1
 Blink                    Tloc           0%         N/A       38%         2
 Call Canine Familiar     Summ           0%         N/A       63%         3
 Stone Arrow              Conj/Erth      0%         3d7       63%         3
 Summon Guardian Golem    Hex/Summ       0%         N/A       63%         3
 Manifold Assault         Tloc           0%         N/A       95%         4
 Lehudib's Crystal Spear  Conj/Erth      0%         10d2      100%        8
 Animate Armour           Summ/Erth      Unusable   N/A       N/A         4

Inventory:

Hand Weapons
 w - the +6 short sword of the Chain (weapon) {freeze, rElec rF+ rCorr Int+3}
   (You found it on level 2 of the Dungeon)

   Int+3:     It affects your intelligence (+3).
   rF+:       It protects you from fire.
   rElec:     It insulates you from electricity.
   rCorr:     It protects you from acid and corrosion.
Missiles
 d - 11 poisoned darts
 g - 27 stones
 u - 3 boomerangs
Jewellery
 D - a +6 ring of dexterity (left tentacle)
   (You found it on level 1 of the Dungeon)
Talismans
 b - a beast talisman (active)
 c - a flux talisman
 B - a blade talisman
   (You found it on level 5 of the Dungeon)
Scrolls
 f - a scroll of revelation
 i - a scroll of immolation {!r!r}
 n - 2 scrolls of enchant weapon
 p - a scroll of torment {!r}
 s - a scroll of fog
 v - a scroll of vulnerability {!r!r}
 x - 3 scrolls of teleportation {@r4}
 y - 2 scrolls of identify {@r1}
 C - a scroll of amnesia {unknown}
Potions
 a - a potion of lignification {!q}
 e - a potion of heal wounds {unknown}
 h - 2 potions of brilliance {unknown}
 j - a potion of magic {unknown}
 k - 2 potions of invisibility
 l - a potion of enlightenment {unknown}
 m - a potion of degeneration {unknown}
 o - 2 potions of curing {unknown}
 q - a potion of ambrosia {unknown}
 r - 2 potions of attraction {unknown}
 t - 2 potions of berserk rage {unknown}
 z - a potion of mutation {unknown}
 A - 2 potions of haste {unknown}

Dungeon Overview and Level Annotations

Branches:
Dungeon (5/15) Zot: 25471
 Temple: D:4-7

Altars:
Ashenzari
Xom

Shops:
D:3

: ##...#..# ........#
### .......## .~## ##.
.....# ~.###..####..#
....## #.#≈##........
....# ...#.##..
#.g###...##.#
..#~.#... #...#.....#
.###.#... ##ggh...#.#
.#._.# [.## ##...###
#~#.≈# #.#####..##
..~#.# #........#
).^### ##.##....[#
#.#.~###.######..#
#.≈.~#..†## ##..#
#§§.^###..####...#####
≈.~.⌠# ##.##...##....#


You could see a gnoll sergeant (unable to see you) and 2 gnolls.


Message History

😕 HP[+1]
You now have 48 max hp (+1).
You see here a +0 giant spiked club.
d - 11 poisoned darts (gained 1)
Found a stone staircase leading up. 😎 HP[+5]
Your hp is fully restored (48).
Found a stone staircase leading down.
There is a stone staircase leading up here.
There is a stone staircase leading down here.
You now have 350 gold pieces (gained 8).
An iguana comes into view.
An iguana is nearby!
A howler monkey comes into view.
The helpless iguana fails to defend itself.
You hit the iguana. You freeze the iguana. Your grab misses the iguana.
You squeeze the iguana. The iguana bites you! 😮 HP[-13]
You take 13 damage, and now have 35/48 hp.
MASSIVE DAMAGE!! (PAUSE)
You are too injured to fight recklessly!
You are too injured to fight recklessly!
You barely miss the iguana. You grab the iguana. You squeeze the iguana.
You constrict the iguana, but do no damage.
The iguana misses you. 😮 HP[+1]
You completely miss the iguana. You squeeze the iguana.
You constrict the iguana, but do no damage.
The iguana closely misses you.
You hit the iguana.
The iguana seems to slow down.
You freeze the iguana. You constrict the iguana.
You kill the iguana!
A howler monkey is nearby!
A howler monkey is nearby!
A howler monkey is nearby!
A howler monkey is nearby!
A howler monkey is nearby!
You are too injured to fight recklessly!
You are too injured to fight recklessly!
You are too injured to fight recklessly! 😕 HP[+1]
The helpless howler monkey fails to defend itself.
You puncture the howler monkey! You freeze the howler monkey!
You kill the howler monkey!
Key pressed, stopping explore.
C - a scroll labelled EWATIO NUTEE 😎 HP[+11]
Your hp is fully restored (48).
A gnoll comes into view. It is wielding a +0 whip.
The gnoll shouts!
You hear a shout!
A gnoll sergeant comes into view. It is wielding a +0 spear.
A gnoll comes into view. It is wielding a +0 spear.
The gnoll sergeant shouts!
A gnoll comes into view. It is wielding a +0 whip.
The gnoll closely misses you.
The gnoll hits you from afar with a +0 spear! 😕 HP[-9]
You take 9 damage, and now have 39/48 hp.
You puncture the gnoll! You freeze the gnoll. You grab the gnoll.
You constrict the gnoll, but do no damage.
The gnoll hits you with a +0 whip. 😮 HP[-5]
You take 5 damage, and now have 34/48 hp.
You are too injured to fight recklessly!
You are too injured to fight recklessly!
You are too injured to fight recklessly!
You puncture the gnoll! You freeze the gnoll.
You kill the gnoll! 😮 HP[+1]
The gnoll sergeant attacks as it pursues you!
The gnoll sergeant hits you from afar with a +0 spear. 😮 HP[-1]
You take 1 damage, and now have 34/48 hp.
The gnoll sergeant attacks as it pursues you!
The gnoll sergeant hits you from afar with a +0 spear!
* * * LOW HITPOINT WARNING * * *
😨 HP[-15]
You take 15 damage, and now have 19/48 hp.
MASSIVE DAMAGE!! (PAUSE) 😨 HP[+1]
The gnoll barely misses you. The gnoll sergeant misses you.
The gnoll hits you with a +0 whip!
* * * LOW HITPOINT WARNING * * *
😱 HP[-9]
You take 9 damage, and now have 11/48 hp.
Okay, then.
It was a potion of invisibility.
You fade into invisibility!
The gnoll misses you. The gnoll sergeant closely misses you.
The gnoll hits you with a +0 whip!
* * * LOW HITPOINT WARNING * * *
😱 HP[-7]
You take 7 damage, and now have 4/48 hp.
Okay, then. 😱 HP[+1]
You hit the gnoll sergeant. You freeze the gnoll sergeant.
You grab the gnoll sergeant. You squeeze the gnoll sergeant!
You constrict the gnoll sergeant.
The gnoll sergeant hits you with a +0 spear!
You die...

Skill      XL: |  1  2  3  4  5  6  7 |
---------------+----------------------+-----
Fighting       | 2 3 4 |  4.2
Dodging        | 3 4 |  4.5
Short Blades   | 1 2 3 |  3.3
Shapeshifting  | 4 |  4.9
Unarmed Combat | |  3.5

Action                     |  1- 3 |  4- 6 |  7- 9 || total
---------------------------+-------+-------+-------++-------
  Melee: Unarmed           |    70 |    14 |       ||    84
         Constrict         |    14 |    20 |    14 ||    48
         Tentacles         |     8 |    20 |    14 ||    42
         Punch             |     2 |     1 |     2 ||     5
         Short sword       |       |    90 |    38 ||   128
  Throw: Dart              |       |     3 |     2 ||     5
    Use: Scroll            |       |     8 |       ||     8
         Potion            |       |       |     1 ||     1
   Stab: Sleeping          |    13 |     6 |     4 ||    23
         Distracted        |       |     1 |       ||     1
 Armour: Skin              |    25 |    35 |    18 ||    78
  Dodge: Dodged            |    44 |    60 |    23 ||   127

Levels and vault maps discovered:
D:1:      minmay_arrival_open_corners, layout_loops_corners,
          basic_ecumenical_altar
D:2:      minmay_razor_zed, layout_loops_cross
D:3:      layout_rooms, serial_shops, shop_statue, minmay_crystal_water
D:4:      layout_basic, overflow_temple_1_default
D:5:      lemuel_ratsnest, layout_layer_cave, tgw_xom, cheibriados_altar_1

Notes
Turn   | Place    | Note
-------+----------+-------------------------------------------
     0 | D:1      | spiderkeys the Octopode Shapeshifter began the quest for
                  | the Orb.
     0 | D:1      | Reached XP level 1. HP: 13/13 MP: 1/1
     0 | D:1      | magus.rc [v1.11.6]
   154 | D:1      | Reached XP level 2. HP: 10/18 MP: 2/2
   474 | D:1      | Found a faded altar of an unknown god.
   803 | D:1      | Reached XP level 3. HP: 23/23 MP: 3/3
  1258 | D:2      | You add the spells Summon Small Mammal, Call Canine
                  | Familiar and Summon Guardian Golem to your library.
  1604 | D:2      | Reached skill level 2 in Fighting
  1604 | D:2      | Reached XP level 4. HP: 27/29 MP: 4/4
  1857 | D:2      | Identified the +6 short sword of the Chain {freeze, rElec
                  | rF+ rCorr Int+3}
  1992 | D:3      | You add the spells Stone Arrow and Lehudib's Crystal Spear
                  | to your library.
  2213 | D:3      | Reached skill level 3 in Dodging
  2261 | D:3      | Found Yqisauth's Book Emporium.
  2511 | D:4      | Reached XP level 5. HP: 33/34 MP: 5/5
  2635 | D:4      | Reached skill level 1 in Short Blades
  2823 | D:4      | Found a broken altar of Ashenzari.
  3065 | D:4      | Noticed an ogre
  3071 | D:4      | Killed an ogre
  3072 | D:4      | Reached skill level 3 in Fighting
  3072 | D:4      | Reached skill level 4 in Shapeshifting
  3072 | D:4      | Reached XP level 6. HP: 30/42 MP: 6/6
  3263 | D:4      | Reached skill level 2 in Short Blades
  3396 | D:4      | You add the spells Blink and Manifold Assault to your
                  | library.
  3747 | D:5      | Entered Level 5 of the Dungeon
  3808 | D:5      | Reached skill level 4 in Dodging
  3808 | D:5      | Reached XP level 7. HP: 33/46 MP: 7/7
  4154 | D:5      | Found a shimmering altar of Xom.
  4404 | D:5      | Reached skill level 3 in Short Blades
  4413 | D:5      | Reached skill level 4 in Fighting
  4541 | D:5      | HP: 11/48 [gnoll/+0 whip[a gnoll sergeant] (9)]
  4542 | D:5      | HP: 4/48 [gnoll/+0 whip[a gnoll sergeant] (7)]
  4544 | D:5      | Slain by a gnoll sergeant

Vanquished Creatures
  3 ogres
  A howler monkey (D:5)
  2 hounds (D:5)
  A gnoll bouda (D:4)
  2 iguanas (D:5)
  A sleepcap (D:4)
  5 adders
  5 gnolls
  9 river rats (D:5)
  2 ufetubi (D:4)
  A worm (D:2)
  A dart slug (D:4)
  11 orcs
  10 ball pythons
  5 bats
  8 endoplasms
  2 giant cockroaches
  5 goblins
  13 hobgoblins
  7 jackals
  6 kobolds
  7 quokkas
  A frilled lizard (D:1)
  19 rats
127 creatures vanquished.

Table legend:
 A = Non-vault XP
 B = Vault XP
 C = Vault XP percentage of total XP
 D = Non-vault monster count
 E = Vault monster count
 F = Vault count percentage of total count
                 A         B        C        D         E       F
            +---------+---------+-------+---------+---------+-------
      Total |     750 |     346 |  31.6 |      83 |      44 |  34.6
            +---------+---------+-------+---------+---------+-------
        D:1 |      38 |       0 |   0.0 |      22 |       0 |   0.0
        D:2 |      28 |      42 |  60.0 |       8 |      12 |  60.0
        D:3 |      56 |       0 |   0.0 |      21 |       0 |   0.0
        D:4 |     296 |       0 |   0.0 |      25 |       0 |   0.0
        D:5 |     332 |     304 |  47.8 |       7 |      32 |  82.1
            +---------+---------+-------+---------+---------+-------

Skill      XL: |  1  2  3  4  5  6  7 |
---------------+----------------------+-----
Fighting       | 2 3 4 |  4.2
Dodging        | 3 4 |  4.5
Short Blades   | 1 2 3 |  3.3
Shapeshifting  | 4 |  4.9
Unarmed Combat | |  3.5

Action                     |  1- 3 |  4- 6 |  7- 9 || total
---------------------------+-------+-------+-------++-------
  Melee: Unarmed           |    70 |    14 |       ||    84
         Constrict         |    14 |    20 |    14 ||    48
         Tentacles         |     8 |    20 |    14 ||    42
         Punch             |     2 |     1 |     2 ||     5
         Short sword       |       |    90 |    38 ||   128
  Throw: Dart              |       |     3 |     2 ||     5
    Use: Scroll            |       |     8 |       ||     8
         Potion            |       |       |     1 ||     1
   Stab: Sleeping          |    13 |     6 |     4 ||    23
         Distracted        |       |     1 |       ||     1
 Armour: Skin              |    25 |    35 |    18 ||    78
  Dodge: Dodged            |    44 |    60 |    23 ||   127

Illustrated notes

Table legend:
 A = Kills in this place as a percentage of kills in the entire game.
 B = Kills by you in this place as a percentage of kills by you in the entire game.
 C = Kills by friends in this place as a percentage of kills by friends in the entire game.
 D = Other kills in this place as a percentage of other kills in the entire game.
 E = Experience gained in this place as a percentage of experience gained in the entire game.
 F = Experience gained in this place divided by the number of levels of this place that you have seen.
                   A       B       C       D       E      F
               +-------+-------+-------+-------+-------+----------------------
         Total | 100.0 | 100.0 |   N/A |   N/A | 100.0 | 219.2
       Dungeon | 100.0 | 100.0 |   N/A |   N/A | 100.0 | 219.2
               +-------+-------+-------+-------+-------+----------------------

Table legend: (Time is in decaauts)
 A = Elapsed time spent in this place.
 B = Non-inter-level travel time spent in this place.
 C = Inter-level travel time spent in this place.
 D = Time resting spent in this place.
 E = Time spent auto-exploring this place.
 F = Levels seen in this place.
 G = Mean time per level.
                   A        B        C        D        E       F      G
               +--------+--------+--------+--------+--------+-----+--------+
         Total |   4527 |   4439 |     88 |    171 |   3598 |   5 |  905.4 |
       Dungeon |   4527 |   4439 |     88 |    171 |   3598 |   5 |  905.4 |
               +--------+--------+--------+--------+--------+-----+--------+

Top non-repeatable levels by time:
     D:4: 1113 daAuts
     D:1: 1006 daAuts
     D:2: 968 daAuts
     D:5: 788 daAuts
     D:3: 650 daAuts
